 Dungeon Crawl Stone Soup version 0.21-a0-201-g8501b10 (webtiles) character file.

84 Leibowitz the Skirmisher (level 4, -1/73 HPs)
             Began as an Ogre Berserker on Aug 17, 2017.
             Was a Believer of Trog.
             Slain by an orc wizard
             ... wielding a +0 dagger
              (2 damage)
             ... on level 3 of the Dungeon.
             The game lasted 00:04:32 (1837 turns).

Leibowitz the Skirmisher (Ogre Berserker)           Turns: 1837, Time: 00:04:32

Health: -1/73      AC:  3    Str: 27    XL:     4   Next: 45%
Magic:  4/4        EV: 10    Int:  8    God:    Trog [**....]
Gold:   110        SH:  0    Dex:  8    Spells: 3/3 levels left

rFire    . . .     SeeInvis .   a - +0 mace
rCold    . . .     Gourm    .   (no shield)
rNeg     . . .     Faith    .   b - +0 animal skin
rPois    .         Spirit   .   (helmet restricted)
rElec    .         Reflect  .   (no cloak)
rCorr    .         Harm     .   (gloves unavailable)
MR       .....                  (boots unavailable)
Stlth    ..........             (no amulet)
HPRegen  0.22/turn              (no ring)
MPRegen  0.09/turn              (no ring)

@: berserking, very quick
A: unfitting armour, tough skin 1
a: Berserk, Trog's Hand, Burn Spellbooks, Renounce Religion


You were on level 3 of the Dungeon.
You worshipped Trog.
Trog was pleased with you.
You were very hungry.

You visited 1 branch of the dungeon, and saw 3 of its levels.

You collected 110 gold pieces.

Inventory:

Hand Weapons
 a - a +0 mace (weapon)
Armour
 b - a +0 animal skin (worn)
Scrolls
 d - a scroll of remove curse {unknown}
 e - 2 scrolls of blinking {unknown}
 h - a scroll of amnesia {unknown}
 i - 2 scrolls of magic mapping {unknown}
 j - a scroll of recharging {unknown}
 l - a scroll of enchant armour {unknown}
 m - 4 scrolls of identify {unknown}
 o - a scroll of fog {unknown}
Potions
 g - 2 potions of curing {unknown}
 n - 2 potions of might {unknown}
Comestibles
 c - a bread ration
 f - 3 fruits
 k - a meat ration


   Skills:
 * Level 4.9 Fighting
 * Level 3.3 Maces & Flails
 + Level 1.0 Armour
 * Level 3.3 Dodging


You had 3 spell levels left.
You didn't know any spells.

Dungeon Overview and Level Annotations

Branches:
Dungeon (3/15)

Altars:
Nemelex Xobeh


Innate Abilities, Weirdness & Mutations

You are too large for most types of armour.
You have tough skin. (AC +1)


Message History

You are feeling very hungry.
Something hits you.
* * * LOW HITPOINT WARNING * * *
The quokka bites you.
* * * LOW HITPOINT WARNING * * *
The orc hits you with a falchion!
* * * LOW HITPOINT WARNING * * *
The orc hits you.
* * * LOW HITPOINT WARNING * * *
Unknown command.
You closely miss the quokka.
The quokka is heavily wounded.
Something hits you but does no damage. The quokka bites you.
* * * LOW HITPOINT WARNING * * *
The orc misses you. The orc hits you.
* * * LOW HITPOINT WARNING * * *
You closely miss the quokka.
The quokka is heavily wounded.
Something hits you.
You die...

## . ### .
###...# #.
####<..#
#.####....###
#..l#..####
###o..##
#..o@.#
#.##r## # #.#
#.# #.# #..
##. #


You could see 2 orcs, a quokka and a frilled lizard.

Vanquished Creatures
  3 gnolls (D:2)
  An adder (D:2)
  A worm (D:2)
  A leopard gecko (D:2)
  A bat (D:2)
  2 giant cockroaches (D:2)
  6 goblins
  6 hobgoblins
  6 jackals
  5 frilled lizards
  5 kobolds
  4 rats
41 creatures vanquished.

Notes
Turn   | Place    | Note
-------+----------+-------------------------------------------
     0 | D:1      | Leibowitz the Ogre Berserker began the quest for the Orb.
     0 | D:1      | Reached XP level 1. HP: 24/24 MP: 1/1
   113 | D:1      | Reached XP level 2. HP: 29/32 MP: 2/2
   740 | D:2      | Reached ** piety under Trog
   744 | D:2      | Reached XP level 3. HP: 34/40 MP: 3/3
   966 | D:2      | Found a sparkling altar of Nemelex Xobeh.
  1383 | D:2      | Reached skill level 1 in Armour
  1414 | D:2      | Reached XP level 4. HP: 14/49 MP: 4/4
  1836 | D:3      | HP: 1/73 [orc (3)]
  1837 | D:3      | Slain by an orc wizard

Vault maps used:
D:1:      minmay_arrival_stone_box
D:2:      nemelex_xobeh_ov_fountains_minmay
D:3:      chequers_temple_overflow_minitemple, solitary_fountain

Skill      XL: |  1  2  3 |
---------------+----------+-----
Maces & Flails | 3 |  3.3
Dodging        | 3 |  3.3
Armour         | 1 |  1.0
Fighting       | |  4.9

Action                   |  1- 3 |  4- 6 || total
-------------------------+-------+-------++-------
Melee: Mace              |   129 |    35 ||   164
Throw: Throwing net      |       |     1 ||     1
Invok: Berserk           |     1 |     1 ||     2
  Eat: Chunk             |     3 |     1 ||     4
Armor: Animal skin       |    54 |     6 ||    60
Dodge: Dodged            |    71 |    23 ||    94
